 Dungeon Crawl Stone Soup version 0.31-a0-851-g7ff8af7976 (webtiles) character file.

Game seed: 11551761315393708769

77 retardedninja the Firebug (level 4, -11/24 HPs)
             Began as a Gargoyle Fire Elementalist on Oct 5, 2023.
             Mangled by Edmund
             ... wielding a +1 flail of protection
              (12 damage)
             ... in the Ecumenical Temple.
             The game lasted 00:04:05 (3130 turns).

retardedninja the Firebug (GrFE)                    Turns: 3130, Time: 00:04:06

Health: -11/24     AC:  7    Str: 11    XL:     4   Next: 34%
Magic:  6/7        EV: 12    Int: 24    God:
Gold:   68         SH:  0    Dex: 10    Spells: 7/8 levels left

rFire   . . .        m - +0 mace
rCold   . . .        (no shield)
rNeg    + . .        a - +0 robe
rPois   ∞            t - +0 helmet
rElec   +            p - +0 cloak
rCorr   .            (no gloves)
SInv    .            (no boots)
Will    .....        (no amulet)
Stlth   ++           f - +6 ring of intelligence
HPRegen 0.24/turn    (no ring)
MPRegen 0.10/turn

%: no passive effects
@: weak-willed
A: sickness immunity, AC +3, negative energy resistance 1, electricity
resistance, torment resistance 1, petrification resistance
a: no special abilities


You were in the Ecumenical Temple.
You visited 2 branches of the dungeon, and saw 5 of its levels.

You collected 68 gold pieces.

Inventory:

Hand Weapons
 m - a +0 mace (weapon)
Armour
 a - a +0 robe (worn)
 p - a +0 cloak (worn)
 t - a +0 helmet (worn)
Jewellery
 f - a +6 ring of intelligence (left hand)
Talismans
 h - a serpent talisman
Wands
 u - a wand of digging (9)
Scrolls
 c - a scroll of revelation {unknown}
 d - a scroll of blinking {unknown}
 e - 3 scrolls of vulnerability
 g - a scroll of identify {unknown}
 o - a scroll of enchant weapon {unknown}
 r - a scroll of torment {unknown}
Potions
 b - a potion of magic
 i - a potion of degeneration {unknown}
 k - a potion of curing {unknown}
 n - a potion of enlightenment {unknown}
 q - a potion of might {unknown}
 s - a potion of attraction {unknown}


   Skills:
 + Level 2.1 Dodging
 + Level 3.0 Stealth
 + Level 2.5 Spellcasting
 + Level 2.1 Conjurations
 + Level 3.5 Fire Magic


You had 7 spell levels left.
You knew the following spells:

 Your Spells              Type           Power      Damage    Failure   Level
a - Foxfire               Conj/Fire      64%        2x1d7     3%          1

Your spell library contained the following spells:

 Spells                   Type           Power      Damage    Failure   Level
 Scorch                   Fire           38%        2d6       4%          2
 Apportation              Tloc           6%         N/A       12%         1
 Summon Small Mammal      Summ           12%        N/A       12%         1
 Jinxbite                 Hex            6%         N/A       17%         2
 Inner Flame              Hex/Fire       11%        N/A       17%         3
 Volatile Blastmotes      Fire/Tloc      22%        2d11      17%         3
 Call Canine Familiar     Summ           3%         N/A       34%         3
 Summon Guardian Golem    Hex/Summ       3%         N/A       34%         3
 Flame Wave               Conj/Fire      16%        2d7       34%         4
 Alistair's Intoxication  Tmut/Pois      2%         N/A       97%         5


Dungeon Overview and Level Annotations

Branches:
Dungeon (4/15)             Temple (1/1) D:4

Altars:
Ashenzari
Dithmenos
Elyvilon
Fedhas
Gozag
Makhleb
Nemelex Xobeh
Qazlal
Ru
Sif Muna
Uskayaw
Vehumet
Wu Jian
Yredelemnul
Zin
The Shining One

Annotations:
D:3 1 runed translucent door, Crazy Yiuf
Temple Edmund


Innate Abilities, Weirdness & Mutations

You are immune to sickness and miasma.
Your stone body is resilient. (AC +3)
You are immune to poison.
You resist negative energy. (rN+)
You are resistant to electric shocks. (rElec)
You are resistant to unholy torment.
You are immune to petrification.


Message History

There is a staircase to the Ecumenical Temple here.
The hound closely misses you. Edmund barely misses you.
You climb downwards.
Welcome to the Ecumenical Temple!
Found four altars.
Found a staircase back to the Dungeon.
There is a staircase back to the Dungeon here.
Casting: Foxfire (safe; 3% risk of failure)
Confirm with . or Enter, or press ? or * to list all spells.
You don't know that spell.
Okay, then.
As you read the scroll labelled KIECRE XOYMPA, it crumbles to dust.
You hear a loud clanging noise!
It was a scroll of noise.
The hound bites you but does no damage.
Edmund hits you with a +1 flail of protection.
The hound closely misses you.
Casting: Foxfire (safe; 3% risk of failure)
Press: ? - help, Q - select action Dir - look around, f - activate You conjure some foxfire!
The hound bites you. Edmund barely misses you.
The foxfire hits the hound.
The hound is lightly wounded.
The foxfire hits the hound.
The hound is heavily wounded.
The hound bites you.
Edmund hits you with a +1 flail of protection.
* * * LOW HITPOINT WARNING * * *
The hound bites you but does no damage. The hound bites you but does no damage.
Edmund closely misses you.
The air fills with toxic fumes!
As you read the scroll labelled EGASAO UMOW, it crumbles to dust.
It was a scroll of poison.
The hound barely misses you. Edmund closely misses you. The hound bites you.
* * * LOW HITPOINT WARNING * * *
As you read the scroll labelled HIDGHA FOKIV, it crumbles to dust.
Magic quickly surges around you.
It was a scroll of vulnerability.
The hound bites you.
* * * LOW HITPOINT WARNING * * *
Edmund hits you with a +1 flail of protection!
Ouch! That really hurt!
You die...
Edmund whines, "They better pay attention to me now!"

##_......._###
.........§§§§##
.........§§§§§##
...#######§§§§§##
..##.....##§§§§§#
.##......§##§§§§#
.#.......§§#§§§§##
.#.......§§#§§§h@#
.#....8..§§#§§§§@#
.#.......§§#§§§§§#
.#.......§§#§§§§##
.##......§##§§§§#
..##.....##§§§§§#
...#######§§§§§##
.........§§§§§##
.........§§§§##
##_......._###


You could see Edmund (weak-willed) and a hound (weak-willed).

Vanquished Creatures
  Robin (D:2)
  An adder (D:3)
  2 dart slugs
  A worm (D:2)
  An orc (D:3)
  4 ball pythons
  7 bats
  3 endoplasms
  A giant cockroach (D:1)
  8 hobgoblins
  2 quokkas (D:2)
  5 frilled lizards
  8 goblins (D:2)
  3 kobolds
  2 rats (D:2)
49 creatures vanquished.

Vanquished Creatures (collateral kills)
  A foxfire (D:3)
1 creature vanquished.

Vanquished Creatures (others)
  196 foxfires
196 creatures vanquished.

Grand Total: 246 creatures vanquished

Notes
Turn   | Place    | Note
-------+----------+-------------------------------------------
     0 | D:1      | retardedninja the Gargoyle Fire Elementalist began the
                  | quest for the Orb.
     0 | D:1      | Reached XP level 1. HP: 10/10 MP: 3/3
   166 | D:1      | Reached XP level 2. HP: 13/15 MP: 0/5
  1227 | D:2      | Noticed Robin
  1230 | D:2      | Reached XP level 3. HP: 19/19 MP: 2/6
  1533 | D:2      | Killed Robin
  2551 | D:2      | Reached XP level 4. HP: 24/24 MP: 0/7
  2683 | D:3      | Found a sacrificial altar of Ru.
  2820 | D:3      | Found a runed translucent door.
  2821 | D:3      | Noticed Crazy Yiuf
  3000 | D:3      | Identified the +8 hand axe "Kow Omip" {antimagic, Int+3}
  3110 | D:3      | You fall into a shaft and drop 1 floor!
  3115 | D:4      | Found a staircase to the Ecumenical Temple.
  3118 | D:4      | Noticed Edmund
  3124 | Temple   | Entered the Ecumenical Temple
  3130 | Temple   | HP: 1/24 [hound (3)]
  3130 | Temple   | Mangled by Edmund

Illustrated notes

Levels and vault maps discovered:
D:1:      erik_arrival_orb_chamber, layout_loops_ring
D:2:      layout_loops_cross, grunt_decor_resistance, uniq_robin
D:3:      layout_basic, mainiacjoe_overflow_catch_the_wave,
          chequers_serial_rivers_micro_c, uniq_crazy_yiuf_cottage
D:4:      layout_loops_ring, minmay_temple_entry_mist,
          hellmonk_ghost_happy_afterlife, uniq_edmund, uniq_ijyb, uniq_eustachio
Temple:   hellmonk_temple_of_storms

Skill      XL: |  1  2  3  4 |
---------------+-------------+-----
Dodging        | 2 |  2.1
Conjurations   | 2 |  2.1
Stealth        | 3 |  3.0
Spellcasting   | |  2.5
Fire Magic     | |  3.5

Action                     |  1- 3 |  4- 6 || total
---------------------------+-------+-------++-------
  Melee: Unarmed           |    17 |       ||    17
   Cast: Foxfire           |   105 |    26 ||   131
    Use: Scroll            |       |     3 ||     3
 Armour: Robe              |    31 |    16 ||    47
  Dodge: Dodged            |    61 |    11 ||    72

Table legend: (Time is in decaauts)
 A = Elapsed time spent in this place.
 B = Non-inter-level travel time spent in this place.
 C = Inter-level travel time spent in this place.
 D = Time resting spent in this place.
 E = Time spent auto-exploring this place.
 F = Levels seen in this place.
 G = Mean time per level.
                   A        B        C        D        E       F      G
               +--------+--------+--------+--------+--------+-----+--------+
         Total |   3132 |   3054 |     78 |    260 |   2283 |   5 |  626.4 |
       Dungeon |   3126 |   3048 |     78 |    260 |   2283 |   4 |  781.5 |
        Temple |      5 |      5 |      0 |      0 |      0 |   1 |    5.0 |
               +--------+--------+--------+--------+--------+-----+--------+

Top non-repeatable levels by time:
     D:1: 1460 daAuts
     D:2: 1224 daAuts
     D:3: 426 daAuts
     D:4: 14 daAuts
  Temple: 5 daAuts
